 Dungeon Crawl Stone Soup version 0.25.1-2-g60ff931df9 (webtiles) character file.

Game seed: 16334349537835178476

37 Johnny the Digger (level 3, 0/26 HPs)
             Began as a Demigod Earth Elementalist on Oct 9, 2020.
             Slain by an orc
             ... wielding a +0 whip
              (4 damage)
             ... on level 3 of the Dungeon.
             The game lasted 00:01:31 (1606 turns).

Johnny the Digger (Demigod Earth Elementalist)      Turns: 1606, Time: 00:01:32

Health: 0/26       AC:  3    Str: 11    XL:     3   Next: 7%
Magic:  0/9        EV: 12    Int: 21    God:
Gold:   140        SH:  0    Dex: 16    Spells: 5/6 levels left

rFire    . . .     SeeInvis .   i - +0 dagger (flame)
rCold    . . .     Gourm    .   (no shield)
rNeg     . . .     Faith    .   c - +0 robe
rPois    .         Spirit   +   s - +0 hat
rElec    .         Reflect  .   (no cloak)
rCorr    .         Harm     .   (no gloves)
MR       .....                  l - +0 pair of boots
Stlth    ++........             r - amulet of guardian spirit (curse)
HPRegen  0.08/turn              (no ring)
MPRegen  0.11/turn              (no ring)

@: no status effects
A: high mp 1
a: no special abilities


You were on level 3 of the Dungeon.
You were very hungry.

You visited 1 branch of the dungeon, and saw 3 of its levels.

You collected 140 gold pieces.

Inventory:

Hand Weapons
 h - a +0 short sword
 i - a +0 dagger of flaming (weapon)
Missiles
 b - 76 stones (quivered)
Armour
 c - a +0 robe (worn)
 l - a +0 pair of boots (worn)
 s - a +0 hat (worn)
Jewellery
 r - a cursed amulet of guardian spirit (around neck)
Scrolls
 a - 3 scrolls of teleportation {unknown}
 f - a scroll of identify {unknown}
 g - 2 scrolls of magic mapping {unknown}
 m - a scroll of noise {unknown}
 n - a scroll of remove curse {unknown}
 p - a scroll of immolation {unknown}
Potions
 e - a potion of cancellation {unknown}
 j - 3 potions of heal wounds {unknown}
 k - a potion of degeneration {unknown}
 o - a potion of lignification {unknown}
 q - 2 potions of curing {unknown}
Comestibles
 d - 4 rations


   Skills:
 - Level 1.7 Dodging
 - Level 1.7 Stealth
 + Level 2.2 Spellcasting
   Level 0.8 Transmutations
 * Level 3.6 Earth Magic


You had 5 spell levels left.
You knew the following spells:

 Your Spells              Type           Power        Failure   Level  Hunger
a - Sandblast             Erth           ###...       3%          1    #......

Your spell library contained the following spells:

 Spells                   Type           Power        Failure   Level  Hunger
 Passwall                 Tmut/Erth      ##......     9%          2    ##.....
 Stone Arrow              Conj/Erth      #.....       21%         3    ###....
 Petrify                  Tmut/Erth      ##......     50%         4    #####..
 Lee's Rapid Deconstruct  Erth           ###.......   65%         5    ######.


Dungeon Overview and Level Annotations

Branches:
Dungeon (3/15)


Innate Abilities, Weirdness & Mutations

You have an increased reservoir of magic. (+10% MP)


Message History

* * * LOW HITPOINT WARNING * * *
You barely miss the orc.
The orc is heavily wounded.
The orc hits you with a +0 whip.
* * * LOW HITPOINT WARNING * * *
A bat comes into view.
Found 23 stones.
Found a stone staircase leading up.
The giant cockroach barely misses you.
Your magical contamination has completely faded away.
A frilled lizard comes into view.
The giant cockroach waves its antennae.
A rat comes into view.
You see here 23 stones.
The frilled lizard hisses angrily.
The giant cockroach bites you.
* * * LOW HITPOINT WARNING * * *
There is a stone staircase leading up here.
The orc hits you with a +0 whip.
You die...

.. ... ##
....
.##rl..
........
........
##.#.....
#@.......
#so.#....
#...# .
######o..#
..b.......#
.
.....##...#
..........#
......#...#
#.
...%..#...#


You could see 2 orcs, a giant cockroach, a frilled lizard and a rat.

Vanquished Creatures
  An ooze (D:1)
  A worm (D:2)
  3 orcs (D:3)
  2 giant cockroaches
  4 goblins
  3 hobgoblins
  A quokka (D:3)
  3 bats (D:1)
  2 frilled lizards
  2 kobolds
  6 rats
28 creatures vanquished.

Notes
Turn   | Place    | Note
-------+----------+-------------------------------------------
     0 | D:1      | Johnny the Demigod Earth Elementalist began the quest for
                  | the Orb.
     0 | D:1      | Reached XP level 1. HP: 14/14 MP: 5/5
   170 | D:1      | Reached skill level 3 in Earth Magic
   258 | D:1      | Reached XP level 2. HP: 17/20 MP: 7/7
  1357 | D:2      | Found a bloodstained altar of Trog.
  1574 | D:3      | Reached XP level 3. HP: 22/26 MP: 2/9
  1606 | D:3      | Slain by an orc

Illustrated notes

Levels and vault maps discovered:
D:1:      dpeg_arrival_pits, layout_rooms
D:2:      layout_loops_ring, lightli_temple_of_fire
D:3:      layout_rooms, grunt_qazlal_clouds

Skill      XL: |  1 |
---------------+----+-----
Earth Magic    | 3 |  3.6
Spellcasting   | 2 |  2.2
Dodging        | |  1.7
Stealth        | |  1.7
Transmutations | |  0.8

Action                   || total
-------------------------++-------
Melee: Dagger            ||    87
       Short sword       ||     1
 Cast: Sandblast         ||    12
 Stab: Sleeping          ||     1
  Eat: Chunk             ||     1
Armor: Robe              ||    15
Dodge: Dodged            ||    63
